 Dungeon Crawl Stone Soup version 0.28-a0-447-g1f95980246 (webtiles) character file.

Game seed: 11262364683757962527

714 mhtbhm the Cudgeller (level 7, -5/91 HPs)
             Began as a Minotaur Cinder Acolyte on Sept 12, 2021.
             Was a High Priest of Ignis.
             Slain by Menkaure (11 damage)
             ... on level 5 of the Dungeon.
             The game lasted 00:05:15 (4320 turns).

mhtbhm the Cudgeller (Minotaur Cinder Acolyte)      Turns: 4320, Time: 00:05:16

Health: -5/91      AC: 23    Str: 21    XL:     7   Next: 41%
Magic:  7/7        EV:  2    Int: 11    God:    Ignis [*****.]
Gold:   157        SH:  0    Dex:  5    Spells: 8/8 levels left

rFire   + . .      SeeInvis .   a - +1 whip (venom)
rCold   . . .      Faith    .   (no shield)
rNeg    + + +      Spirit   .   (armour currently unavailable)
rPois   +          Reflect  .   (helmet currently unavailable)
rElec   .          Harm     .   (cloak currently unavailable)
rCorr   .          Rampage  .   (gloves currently unavailable)
Will    .....      NoTele   +   (boots currently unavailable)
Stlth   +.........              (no amulet)
HPRegen 0.25/turn               (no ring)
MPRegen 0.10/turn               (no ring)

@: tree-form
A: stationary, stasis, torment immunity, boosted hp, (horns 2), (retaliatory
headbutt)
a: Renounce Religion, Sea of Fire, Foxfire Swarm, Rising Flame


You were on level 5 of the Dungeon.
You worshipped Ignis.
Ignis was extremely pleased with you.
You were a tree.
You visited 1 branch of the dungeon, and saw 5 of its levels.

You collected 157 gold pieces.

Inventory:

Hand Weapons
 a - a +1 whip of venom (weapon)
Missiles
 i - 5 atropa-tipped darts (quivered)
Armour
 b - a +0 scale mail (melded)
 d - a +2 pair of boots (melded)
Jewellery
 o - a ring of protection from fire
Wands
 j - a wand of acid (8)
 m - a wand of charming (6)
Scrolls
 e - 3 scrolls of teleportation
 p - a scroll of brand weapon {unknown}
 q - a scroll of immolation {unknown}
 r - a scroll of magic mapping {unknown}
 s - a scroll of noise {unknown}
Potions
 c - a potion of curing {unknown}
 f - a potion of might
 g - a potion of magic
 h - 2 potions of attraction
 k - a potion of berserk rage
 l - a potion of flight
 n - a potion of lignification


   Skills:
 + Level 5.6 Fighting
 + Level 7.3 Maces & Flails
 + Level 3.7 Armour
 + Level 3.1 Dodging
 + Level 0.8 Stealth
 + Level 1.0 Spellcasting
 + Level 2.5 Fire Magic


You had 8 spell levels left.
You didn't know any spells.
Your spell library contained the following spells:

 Spells                   Type           Power      Damage    Failure   Level
 Scorch                   Fire           12%        2d5       17%         2
 Magic Dart               Conj           0%         1d3       32%         1
 Call Imp                 Summ           0%         N/A       43%         2
 Mephitic Cloud           Conj/Pois/Air  0%         N/A       67%         3
 Freezing Cloud           Conj/Ice/Air   0%         6-21      100%        5
 Simulacrum               Ice/Necr       0%         N/A       100%        6
 Polar Vortex             Ice            0%         N/A       100%        9


Dungeon Overview and Level Annotations

Branches:
Dungeon (5/15)
 Temple: D:4-7

Altars:
Elyvilon
Yredelemnul

Shops:
D:5 [

Annotations:
D:5 Menkaure


Innate Abilities, Weirdness & Mutations

You are a tree.
Your roots penetrate the ground, keeping you stationary.
You cannot be teleported.
You are immune to unholy pain and torment.
Your maximum health is greatly increased.
Your equipment is partially melded.
((You have a pair of horns on your head.))
((You reflexively headbutt those who attack you in melee.))


Message History

You are too injured to fight recklessly!
You are too injured to fight recklessly!
You hit Menkaure. Your headbutt misses Menkaure.
Menkaure is heavily damaged.
Menkaure hits you!
You barely miss Menkaure.
You headbutt Menkaure, but do no damage.
Menkaure is heavily damaged.
You hit Menkaure but do no damage. Your headbutt misses Menkaure.
Menkaure is heavily damaged.
Menkaure gestures at you while chanting.
Pain shoots through your body!
* * * LOW HITPOINT WARNING * * *
You hit Menkaure but do no damage. Your headbutt misses Menkaure.
Menkaure is heavily damaged.
Menkaure hits you but does no damage.
You hit Menkaure.
Menkaure is heavily damaged.
Menkaure hits you!
* * * LOW HITPOINT WARNING * * *
Unknown command.
Really quaff the potion of lignification?
You turn into a tree.
Your +2 pair of boots melds into your body.
Your +0 scale mail melds into your body.
Your roots penetrate the ground.
Menkaure hits you but does no damage.
You hit Menkaure.
Menkaure is severely damaged.
Menkaure hits you but does no damage.
You barely miss Menkaure.
Menkaure is severely damaged.
Menkaure hits you!
* * * LOW HITPOINT WARNING * * *
You hit Menkaure but do no damage.
Menkaure is severely damaged.
Menkaure hits you but does no damage.
You hit Menkaure but do no damage.
Menkaure is severely damaged.
Menkaure hits you!
You die...

##################
#>...............#
#.#########......#
#.# #......#
#######.# #..#####
.......♣# ##.##
#######M# #..# #.#
##.## #.#
#####..### #..
............ ###
########....
########.###
#......#.#<.
#+#######
#......#.###


You could see Menkaure (fast).

Vanquished Creatures
  2 ogres
  A phantom (D:4)
  A scorpion (D:5)
  A howler monkey (D:4)
  A jelly (D:5)
  A centaur zombie (D:5)
  3 hounds (D:4)
  2 iguanas (D:5)
  Terence (D:2)
  A gnoll (D:2)
  9 adders
  A shadow imp (D:5)
  2 worms (D:4)
  An orc (D:4)
  5 endoplasms
  A giant cockroach (D:3)
  5 goblins
  8 hobgoblins
  4 jackals
  2 quokkas
  A ball python (D:1)
  8 bats
  2 frilled lizards
  6 kobolds
  4 rats
73 creatures vanquished.

Vanquished Creatures (others)
  A quokka (D:5)
  17 foxfires
18 creatures vanquished.

Grand Total: 91 creatures vanquished

Notes
Turn   | Place    | Note
-------+----------+-------------------------------------------
     0 | D:1      | mhtbhm the Minotaur Cinder Acolyte began the quest for the
                  | Orb.
     0 | D:1      | Reached XP level 1. HP: 19/19 MP: 1/1
   194 | D:1      | Reached skill level 4 in Maces & Flails
   235 | D:1      | Reached XP level 2. HP: 23/27 MP: 2/2
   604 | D:1      | Found a faded altar of an unknown god.
   946 | D:2      | Noticed Terence
   954 | D:2      | Killed Terence
   955 | D:2      | Reached XP level 3. HP: 18/33 MP: 3/3
  1200 | D:2      | Reached skill level 1 in Dodging
  1393 | D:2      | Reached XP level 4. HP: 36/41 MP: 4/4
  1492 | D:2      | Reached skill level 5 in Maces & Flails
  1907 | D:3      | Reached XP level 5. HP: 47/47 MP: 5/5
  2554 | D:4      | Reached skill level 1 in Armour
  2649 | D:4      | Noticed a phantom
  2672 | D:4      | Killed a phantom
  2673 | D:4      | Reached skill level 6 in Maces & Flails
  2673 | D:4      | Reached XP level 6. HP: 37/55 MP: 6/6
  2845 | D:4      | Reached skill level 5 in Fighting
  3628 | D:5      | Entered Level 5 of the Dungeon
  3677 | D:5      | Reached XP level 7. HP: 24/61 MP: 7/7
  3706 | D:5      | Reached skill level 7 in Maces & Flails
  4003 | D:5      | Found a basalt altar of Yredelemnul.
  4137 | D:5      | Found a white marble altar of Elyvilon.
  4212 | D:5      | Found Ikeityuhob's Antique Armour Emporium.
  4301 | D:5      | Noticed Menkaure
  4320 | D:5      | Slain by Menkaure

Illustrated notes

Levels and vault maps discovered:
D:1:      dpeg_arrival_rooms_a, layout_loops_cross, ebering_ecumenical_altar_box
D:2:      kennysheep_big_flooded_room, layout_rooms, uniq_terence
D:3:      layout_basic, minmay_statues_item
D:4:      layout_basic
D:5:      layout_basic, nemelex_dance_club_becter, elyvilon_altar_4,
          mainiacjoe_overflow_concentric_impassable, serial_shops, shop,
          uniq_menkaure

Skill      XL: |  1  2  3  4  5  6  7 |
---------------+----------------------+-----
Maces & Flails | 4 5 6 7 |  7.3
Fighting       | 4 5 |  5.6
Dodging        | 1 2 3 |  3.1
Armour         | 1 3 |  3.7
Stealth        | |  0.8
Spellcasting   | |  1.0
Fire Magic     | |  2.5

Action                   |  1- 3 |  4- 6 |  7- 9 || total
-------------------------+-------+-------+-------++-------
Melee: Mace              |    70 |    23 |       ||    93
       Headbutt          |     4 |    12 |     7 ||    23
       Whip              |       |   131 |    47 ||   178
Invok: Foxfire Swarm     |       |     2 |       ||     2
  Use: Scroll            |       |     8 |       ||     8
       Potion            |       |       |     1 ||     1
Armor: Robe              |    23 |       |       ||    23
       Scale mail        |     5 |    67 |    23 ||    95
       Skin              |       |       |     3 ||     3
Dodge: Dodged            |    51 |    81 |    10 ||   142

Table legend: (Time is in decaauts)
 A = Elapsed time spent in this place.
 B = Non-inter-level travel time spent in this place.
 C = Inter-level travel time spent in this place.
 D = Time resting spent in this place.
 E = Time spent auto-exploring this place.
 F = Levels seen in this place.
 G = Mean time per level.
                   A        B        C        D        E       F      G
               +--------+--------+--------+--------+--------+-----+--------+
         Total |   4300 |   4234 |     66 |    643 |   2871 |   5 |  860.0 |
       Dungeon |   4300 |   4234 |     66 |    643 |   2871 |   5 |  860.0 |
               +--------+--------+--------+--------+--------+-----+--------+

Top non-repeatable levels by time:
     D:4: 1131 daAuts
     D:2: 930 daAuts
     D:1: 914 daAuts
     D:5: 678 daAuts
     D:3: 645 daAuts
